 Dungeon Crawl Stone Soup version 0.31.0-4-g52a2dc7128 (webtiles) character file.

Game seed: 13529883312968392214

53 AlmostDecent the Shield-Bearer (level 3, -1/34 HPs)
             Began as a Gargoyle Fighter on Jan 22, 2024.
             Was an Initiate of Okawaru.
             Incinerated by a bombardier beetle (3 damage)
             ... with a burning spray
             ... on level 3 of the Dungeon.
             The game lasted 00:03:56 (1220 turns).

AlmostDecent the Shield-Bearer (Gargoyle Fighter)   Turns: 1220, Time: 00:03:57

Health: -1/34      AC: 10    Str: 21    XL:     3   Next: 87%
Magic:  3/3        EV:  9    Int:  8    God:    Okawaru [......]
Gold:   91         SH:  4    Dex:  9    Spells: 2/2 levels left

rFire   . . .        a - +0 war axe
rCold   . . .        c - +0 buckler
rNeg    + . .        b - +0 scale mail
rPois   ∞            (no helmet)
rElec   +            (no cloak)
rCorr   .            (no gloves)
SInv    .            (no boots)
Will    .....        (no amulet) Stlth
                     (no ring)
HPRegen 0.25/turn    (no ring)
MPRegen 0.08/turn

%: no passive effects
@: mighty, berserking, on fire, glowing, very quick
A: sickness immunity, AC +3, negative energy resistance 1, electricity
resistance, torment resistance 1, petrification resistance
a: Renounce Religion


You were on level 3 of the Dungeon.
You worshipped Okawaru.
Okawaru was noncommittal.
You visited 1 branch of the dungeon, and saw 3 of its levels.

You collected 91 gold pieces.

Inventory:

Hand Weapons
 a - a +0 war axe (weapon)
Armour
 b - a +0 scale mail (worn)
 c - a +0 buckler (worn)
Scrolls
 g - a scroll of silence {unknown}
 i - 3 scrolls of identify {unknown}
 j - a scroll of torment {unknown}
 k - a scroll of enchant armour {unknown}
 l - 2 scrolls of vulnerability {unknown}
 m - a scroll of teleportation {unknown}
Potions
 e - a potion of invisibility {unknown}
 f - a potion of mutation {unknown}
 h - a potion of berserk rage
 n - a potion of heal wounds {unknown}
 o - a potion of lignification {unknown}
 p - a potion of enlightenment {unknown}


   Skills:
 + Level 3.6 Fighting
 * Level 2.8 Axes
 + Level 3.5 Armour
 + Level 0.2 Dodging
 + Level 3.7 Shields


You had 2 spell levels left.
You didn't know any spells.
Your spell library contained the following spells:

 Spells                   Type           Power      Damage    Failure   Level
 Apportation              Tloc           0%         N/A       82%         1
 Necrotise                Necr           0%         1d4       82%         1
 Sting                    Conj/Alch      0%         1d3       82%         1
 Blink                    Tloc           0%         N/A       91%         2
 Lesser Beckoning         Tloc           0%         N/A       91%         2
 Momentum Strike          Conj/Tloc      0%         3d8       91%         2
 Summon Small Mammal      Summ           Unusable   N/A       N/A         1

Dungeon Overview and Level Annotations

Branches:
Dungeon (3/15)

Altars:
Makhleb
Okawaru

Shops:
D:1 (*[([


Innate Abilities, Weirdness & Mutations

You are immune to sickness and miasma.
Your stone body is resilient. (AC +3)
You are immune to poison.
You resist negative energy. (rN+)
You are resistant to electric shocks. (rElec)
You are resistant to unholy torment.
You are immune to petrification.


Message History

You hit the ball python.
You kill the ball python!
Okawaru accepts your kill.
No target in view!
No target in view!
No target in view!
A ball python comes into view.
The ball python hisses angrily.
A bombardier beetle comes into view.
Found 14 gold pieces and 6 poisoned darts.
Found a stone staircase leading down.
The bombardier beetle sprays incendiary fluid at you.
The burning spray hits you.
You are covered in liquid fire!
Found a stone staircase leading down.
You shake off some of the fire as you move.
The liquid fire burns you!
The ball python bites you but does no damage.
The ball python grabs you. The ball python constricts you.
You slash the ball python!
You kill the ball python!
Okawaru accepts your kill. The liquid fire burns you!
You shake off some of the fire as you move.
The liquid fire burns you!
The bombardier beetle closely misses you.
You are too injured to fight recklessly!
You feel very mighty all of a sudden. The liquid fire burns you!
* * * LOW HITPOINT WARNING * * *
It was a potion of berserk rage.
A red film seems to cover your vision as you go berserk!
You feel yourself moving faster!
You feel mighty! The liquid fire burns you!
* * * LOW HITPOINT WARNING * * *
The bombardier beetle sprays incendiary fluid at you.
The burning spray misses you.
You barely miss the bombardier beetle. The liquid fire burns you!
You die...

#.##.....# #####.......
#.##.....##............
#.##.....#............)
##.##.......$.>.........
#..##...................
#.###...................
#.# #...............##..
#.###...†...............
#.##..#@..#...........##
#.##.##.B...... ....## #
#.#..##......$. .. #
#.#.###(....... ## #...#
#........ ##. #..##
##.#..... #.. #..#
>...... ..###.# #..#
..##... #....# #..#
#.###.


You could see a bombardier beetle.

Vanquished Creatures
  3 adders
  A dart slug (D:1)
  3 bats (D:1)
  An endoplasm (D:3)
  2 giant cockroaches
  5 goblins
  2 hobgoblins
  4 ball pythons
  3 frilled lizards
  A kobold (D:2)
25 creatures vanquished.

Notes
Turn   | Place    | Note
-------+----------+-------------------------------------------
     0 | D:1      | AlmostDecent the Gargoyle Fighter began the quest for the
                  | Orb.
     0 | D:1      | Reached XP level 1. HP: 14/14 MP: 1/1
   234 | D:1      | Found Cifaatya's Antique Weapon Shop.
   276 | D:1      | Found Bahyth's Antique Armour Boutique.
   296 | D:1      | Reached XP level 2. HP: 19/19 MP: 2/2
   336 | D:1      | Found Paonle's General Store.
   345 | D:1      | Found Ruosiex's Antique Weapon Shoppe.
   430 | D:1      | Found Liotrujyk's Armour Shoppe.
   550 | D:2      | Reached XP level 3. HP: 23/23 MP: 3/3
  1048 | D:3      | Found an iron altar of Okawaru.
  1057 | D:3      | Became a worshipper of Warmaster Okawaru
  1121 | D:3      | Found a burning altar of Makhleb.
  1220 | D:3      | Incinerated by a bombardier beetle

Illustrated notes

Levels and vault maps discovered:
D:1:      dpeg_arrival_arbitrary_c, layout_basic, serial_shops, shop,
          nicolae_shop_waterfront, nicolae_shop_tiny_real_fake_doors, shop,
          shop, chequers_garden
D:2:      layout_rooms
D:3:      layout_rooms, overflow_temple_1_default, mainiacjoe_overflow_chevrons,
          eino_curves_04

Skill      XL: |  1  2 |
---------------+-------+-----
Axes           | 2 |  2.8
Fighting       | |  3.6
Armour         | |  3.5
Dodging        | |  0.2
Shields        | |  3.7

Action                     || total
---------------------------++-------
  Melee: War axe           ||    91
    Use: Potion            ||     2
 Armour: Scale mail        ||    74
  Dodge: Dodged            ||    60
  Block: Buckler           ||    19
